Map: Acid Plant LE

Players

Cuddlebear - Winner!

  • Race: Terran Terran
  • Spawn Location: 11:00

Dolan

  • Race: Terran Terran
  • Spawn Location: 5:00

Event: WCS Austin 2018

VOD

Have the link to the VOD?

Description

Time

  • Played on: June 1, 2018, 2:51 p.m.
  • Length: 9:15

All games in this series

Show
View Real Time Build Order
Export as new Build Order

Cuddlebear Terran - Winner!

Build Orders: MMM Bio, Cyclone Timing 

Get SALT Encoding   

  12  0:00  SCV  
  13  0:12  SCV  
  14  0:17  Supply Depot  
  14  0:25  SCV  
  15  0:30  Refinery  
  15  0:38  SCV  
  16  0:45  Barracks  
  16  0:50  SCV  
  16  0:55  Refinery  
  17  1:02  SCV  
  18  1:15  SCV  
  21  1:33  Orbital Command  
  21  1:36  Factory  
  19  1:41  Reaper  
  20  1:53  Supply Depot  
  20  2:00  SCV  
  20  2:13  SCV  
  20  2:14  Reaper  
  22  2:28  SCV  
  23  2:35  Hellion  
  25  2:40  Command Center, SCV  
  26  2:52  Barracks Reactor  
  26  2:57  Supply Depot, SCV  
  26  2:58  Supply Depot  
  27  3:03  Cyclone  
  29  3:09  SCV  
  30  3:22  Starport  
  30  3:30  Marine  
  30  3:31  Marine  
  30  3:32  SCV  
  30  3:42  Cyclone  
  30  3:44  SCV  
  30  3:46  Supply Depot  
  34  3:51  Orbital Command  
  34  3:52  Marine  
  34  3:53  Marine  
  36  3:59  Medivac  
  36  4:00  SCV  
  39  4:10  Marine x2  
  39  4:15  SCV  
  39  4:16  Factory Tech Lab  
  42  4:19  Cyclone  
  42  4:21  SCV  
  46  4:27  SCV  
  46  4:28  Marine x2  
  46  4:30  Starport Tech Lab  
  49  4:36  SCV  
  50  4:40  SCV  
  50  4:41  Supply Depot  
  51  4:47  Barracks  
  51  4:49  Barracks, Marine x2  
  53  4:53  Raven  
  53  4:55  Factory Tech Lab  
  53  4:56  SCV  
  53  4:59  SCV  
  57  5:08  SCV  
  57  5:09  Marine x2  
  57  5:11  SCV  
  57  5:12  Supply Depot  
  61  5:15  Siege Tank  
  61  5:20  SCV  
  62  5:27  Bunker, Refinery, Marine x2  
  64  5:30  SCV  
  65  5:38  Barracks Tech Lab  
  65  5:43  Refinery  
  65  5:44  Engineering Bay, Starport Reactor  
  65  5:46  Supply Depot  
  65  5:49  Marine x2  
  63  5:50  Marine  
  63  5:51  Stimpack  
  63  5:58  Marine  
  63  5:59  Combat Shields  
  64  6:05  SCV  
  64  6:07  Marine  
  64  6:09  Marine, Supply Depot, Siege Tank  
  64  6:10  Marine  
  71  6:15  Supply Depot  
  71  6:16  Marine  
  73  6:22  Medivac  
  73  6:24  Marine, SCV  
  76  6:27  Marine  
  76  6:30  Medivac  
  79  6:34  Marine  
  79  6:36  SCV  
  79  6:39  Marine, SCV  
  83  6:42  Marine  
  83  6:45  Marine  
  88  6:47  Siege Tank  
  88  6:48  SCV, Missile Turret  
  88  6:51  Marine  
  90  6:54  Missile Turret  
  90  6:55  Medivac  
  90  7:00  Medivac  
  94  7:03  Marine  
  94  7:04  Marine  
  94  7:06  SCV  
  97  7:08  Supply Depot  
  97  7:09  SCV  
  97  7:10  Terran Infantry Weapons Level 1  
  97  7:11  Marine  
  97  7:12  Marine  
  100  7:18  SCV  
  100  7:21  Marine  
  100  7:22  Marine  
  102  7:25  Siege Tank  
  102  7:29  Marine  
  107  7:30  Marine  
  105  7:38  Marine  
  105  7:40  Marine  
  105  7:42  SCV  
  107  7:47  Medivac, Marine  
  107  7:48  Marine  
  109  7:56  Medivac, Marine  
  109  7:57  SCV  
  109  7:58  Marine  
  113  7:59  SCV  
  113  8:04  Marine  
  115  8:05  Marine  
  115  8:07  Supply Depot x2  
  116  8:14  Marine  
  116  8:19  Marine  
  114  8:22  Marine  
  114  8:23  Marine  
  114  8:26  Siege Tank  
  114  8:30  Medivac x2  
  114  8:32  Command Center, Marine  
  119  8:35  Armory  
  119  8:38  Engineering Bay  
  119  8:43  SCV  
  119  8:44  Marine x2  
  119  8:46  Marine  
  123  8:50  Marine  
Show
View Real Time Build Order
Export as new Build Order

Dolan Terran 

Build Orders: Cyclone Opening, Reaper Expand 

Get SALT Encoding   

  12  0:00  SCV  
  13  0:12  SCV  
  14  0:17  Supply Depot  
  14  0:24  SCV  
  15  0:38  SCV  
  15  0:40  Barracks  
  16  0:43  Refinery  
  16  0:50  SCV  
  17  1:02  SCV  
  18  1:14  SCV  
  19  1:26  Orbital Command, Reaper  
  20  1:41  Command Center  
  20  1:57  SCV  
  20  1:58  Marine  
  22  2:02  Supply Depot  
  22  2:11  SCV, Factory  
  23  2:22  Refinery  
  23  2:23  Marine  
  24  2:30  SCV  
  24  2:31  Barracks  
  24  2:41  Marine  
  24  2:43  Bunker  
  25  2:50  SCV  
  26  2:56  Cyclone  
  29  3:02  Barracks Reactor, SCV  
  30  3:10  Orbital Command  
  30  3:16  SCV  
  30  3:26  Barracks Tech Lab  
  29  3:43  SCV x2  
  29  3:48  Marine x3  
  31  3:49  Engineering Bay  
  31  3:55  SCV x2  
  36  3:57  Starport  
  36  3:58  Factory Reactor  
  36  4:07  SCV x2  
  36  4:08  Supply Depot  
  38  4:13  Marine x2  
  38  4:14  Marine  
  41  4:19  Terran Infantry Weapons Level 1  
  41  4:22  SCV  
  41  4:23  SCV  
  43  4:31  Marine x3  
  43  4:33  Supply Depot  
  43  4:37  SCV x2  
  48  4:44  Factory Tech Lab  
  48  4:46  Medivac x2  
  48  4:50  SCV x2  
  54  4:53  Refinery  
  54  4:57  Supply Depot  
  54  5:02  SCV x2  
  54  5:03  Marine x2  
  54  5:04  Marine  
  53  5:25  SCV x2  
  58  5:30  Refinery  
  58  5:34  Marine, Barracks Tech Lab  
  58  5:35  Marine  
  60  5:42  SCV x2  
  59  5:46  Factory Tech Lab  
  56  5:54  SCV x2  
  58  6:01  Barracks  
  58  6:03  Barracks  
  58  6:04  Barracks  
  58  6:06  SCV x2  
  58  6:07  Stimpack  
  58  6:09  Siege Tank  
  58  6:10  Marine x3  
  66  6:14  Terran Infantry Armor Level 1  
  66  6:18  Supply Depot x2, SCV x2  
  68  6:30  SCV x2  
  70  6:39  Medivac x2, Marine x3  
  77  6:41  Siege Tank  
  79  6:48  SCV x2  
  79  6:52  Barracks Reactor x3  
  81  6:59  Supply Depot  
  81  7:00  SCV x2  
  83  7:07  Marine x3  
  86  7:09  Command Center  
  86  7:13  Medivac, Siege Tank  
  91  7:21  Medivac  
  87  7:57  Medivac x2, Marine x3, Siege Tank  
  87  7:58  Marine x4  
  97  8:06  Marine x2  
  97  8:12  Command Center  
  99  8:14  Armory  
  99  8:15  Marine  
  94  8:28  Marine x5  
  94  8:29  Medivac  
  94  8:31  SCV  
  102  8:39  Supply Depot x2  
  102  8:46  Supply Depot  
  102  8:47  Marine x5, SCV x2  
  112  8:49  Supply Depot x2  
  112  9:00  SCV  
Tags
 
Add a new tag
Caveats
  • Supply blocks, unpowered buildings, or Contaminate may cause inaccurate times.
  • Supply counts are checked every 10 seconds.